 Dungeon Crawl Stone Soup version 0.27.0-1-g7a089689b8 (webtiles) character file.

Game seed: 14745170897081751427

1376 bnorton916 the Thaumaturge (level 8, -3/41 HPs)
             Began as a Deep Elf Conjurer on Aug 17, 2021.
             Was an Initiate of Gozag.
             Shot with an arrow by a centaur (12 damage)
             ... on level 5 of the Dungeon.
             The game lasted 00:10:35 (6672 turns).

bnorton916 the Thaumaturge (Deep Elf Conjurer)      Turns: 6672, Time: 00:10:36

Health: -3/41      AC:  5    Str:  4    XL:     8   Next: 39%
Magic:  15/22      EV: 12    Int: 26    God:    Gozag
Gold:   1407       SH:  5    Dex: 13    Spells: 12/23 levels left

rFire    . . .     SeeInvis +   q - +0 dagger (freeze)
rCold    + . .     Faith    .   (no shield)
rNeg     . . .     Spirit   .   a - +0 robe
rPois    .         Reflect  +   s - +1 helmet
rElec    .         Harm     .   (no cloak)
rCorr    .         Rampage  .   b - +0 pair of gloves
Will     .....                  (no boots)
Stlth    ++........             m - amulet of reflection
HPRegen  0.13/turn              k - ring of see invisible
MPRegen  0.18/turn              u - ring of protection from cold

@: gold aura
A: no striking features
a: Renounce Religion, Potion Petition, Call Merchant, Bribe Branch


You were on level 5 of the Dungeon.
You worshipped Gozag.
Gozag was most pleased with you.
You visited 1 branch of the dungeon, and saw 5 of its levels.
You also visited: Sewer.

You collected 1486 gold pieces.
You paid 79 gold pieces to Gozag.

Inventory:

Hand Weapons
 q - a +0 dagger of freezing (weapon)
Missiles
 c - 384 stones
Armour
 a - a +0 robe (worn)
 b - a +0 pair of gloves (worn)
 s - a +1 helmet (worn)
Magical Staves
 p - a staff of air
 v - a staff of fire
Jewellery
 k - a ring of see invisible (left hand)
 m - an amulet of reflection (around neck)
 u - a ring of protection from cold (right hand)
Wands
 r - a wand of digging (5)
Scrolls
 d - 2 scrolls of fear {unknown}
 e - 3 scrolls of teleportation {unknown}
 f - 3 scrolls of enchant weapon
 h - 3 scrolls of blinking {unknown}
 l - a scroll of immolation {unknown}
 t - a scroll of identify
 x - a scroll of torment {unknown}
Potions
 g - 6 potions of flight
 i - a potion of might {unknown}
 j - a potion of lignification {unknown}
 n - a potion of heal wounds {unknown}
 o - 2 potions of cancellation {unknown}
 w - a potion of ambrosia {unknown}
 z - 2 potions of magic {unknown}


   Skills:
 - Level 2.4 Dodging
 - Level 2.4 Stealth
 + Level 8.0 Spellcasting
 + Level 7.6 Conjurations
 + Level 5.8 Hexes
 + Level 4.7 Translocations


You had 12 spell levels left.
You knew the following spells:

 Your Spells              Type           Power      Damage    Failure   Level
a - Magic Dart            Conj           100%       1d8       1%          1
b - Searing Ray           Conj           100%       3d7       1%          2
c - Fulminant Prism       Conj/Hex       22%        3d13      3%          4
d - Iskenderun's Mystic   Conj/Tloc      42%        2d10      4%          4

Your spell library contained the following spells:

 Spells                   Type           Power      Damage    Failure   Level
 Dazzling Flash           Conj/Hex       90%        N/A       1%          3
 Animate Skeleton         Necr           20%        N/A       5%          1
 Pain                     Necr           40%        1d6       5%          1
 Vampiric Draining        Necr           5%         2d6       17%         3
 Irradiate                Conj/Tmut      15%        3d18      32%         5
 Blade Hands              Tmut           5%         N/A       83%         5
 Dragon Form              Tmut           5%         N/A       100%        7


Dungeon Overview and Level Annotations

Branches:
Dungeon (5/15)              Sewer (visited)
 Temple: D:4-7

Altars:
Gozag
Kikubaaqudgha
Okawaru
Qazlal
Sif Muna


Message History

Aiming: Magic Dart (safe; 1% risk of failure)
Press: ? - help, Shift-Dir - straight line, f/p - centaur
Aim: a centaur, wielding a +0 shortbow and quivering arrows (100% to hit)
The magic dart hits the centaur.
The centaur is lightly wounded.
The centaur shoots an arrow.
The arrow hits you.
An orc comes into view. It is wielding a +0 dagger.
An acid dragon comes into view.
The centaur shoots an arrow.
The arrow completely misses you.
The centaur shoots an arrow.
The arrow hits you!
The centaur shoots an arrow.
You reflect the arrow off an invisible shield around you!
The arrow hits the centaur!
The centaur shoots an arrow.
The arrow hits you.
You hear a roar!
Casting: Magic Dart (safe; 1% risk of failure)
Confirm with . or Enter, or press ? or * to list all spells.
Aiming: Fulminant Prism (dangerous; 3% risk of failure)
Press: ? - help, Dir - move target You conjure a prism of explosive energy!
A fulminant prism comes into view.
Your fulminant prism crackles loudly.
Your fulminant prism explodes!
You hear a bark! x2
Casting: Fulminant Prism (dangerous; 3% risk of failure)
Confirm with . or Enter, or press ? or * to list all spells.
Aiming: Fulminant Prism (dangerous; 3% risk of failure)
Press: ? - help, Dir - move target You conjure a prism of explosive energy!
A fulminant prism comes into view.
Your fulminant prism crackles loudly.
Your fulminant prism explodes!
The blast of energy engulfs the orc!
You kill the orc!
The centaur shoots an arrow.
The arrow hits you!
* * * LOW HITPOINT WARNING * * *
The centaur shoots an arrow.
The arrow misses you.
The centaur shoots an arrow.
The arrow hits you!
You die...
Your body crumbles into a pile of gold.

### ### #.# #.# #.###.#
#...$.# #.###.# ### #.#
#.# #.# #.# #c#######.#
#####.# #.......@.#
o...o.# #########'#####
.###### #............# .
#............# .
+............# ##### o
#............####...# .
.. +.............>##.#.#
#
...#............####.#.#
................# #.#.#


You could see a centaur.

Vanquished Creatures
  Sigmund (D:2)
  Eustachio (D:5)
  Edmund (D:5)
  2 sky beasts (D:5)
  A black bear (D:2)
  An ice beast (D:5)
  A bullfrog (D:3)
  A scorpion (D:5)
  A bullfrog zombie (D:5)
  A jelly (D:4)
  A bullfrog skeleton (D:5)
  Robin (D:2)
  11 gnolls (D:3)
  5 adders
  An ufetubus (D:3)
  10 worms
  3 dart slugs
  3 orcs
  8 endoplasms
  7 giant cockroaches
  56 goblins
  29 hobgoblins
  7 jackals
  9 kobolds
  6 quokkas
  4 ball pythons
  11 bats
  6 frilled lizards
  7 rats
196 creatures vanquished.

Vanquished Creatures (others)
  A human (D:3)
  2 fulminant prisms (D:5)
  3 fungi (D:1)
  2 plants (D:1)
8 creatures vanquished.

Grand Total: 204 creatures vanquished

Notes
Turn   | Place    | Note
-------+----------+-------------------------------------------
     0 | D:1      | bnorton916 the Deep Elf Conjurer began the quest for the
                  | Orb.
     0 | D:1      | Reached XP level 1. HP: 10/10 MP: 6/6
   134 | D:1      | Reached XP level 2. HP: 15/15 MP: 5/8
   651 | D:1      | Reached skill level 4 in Spellcasting
   826 | D:1      | Reached skill level 5 in Conjurations
   826 | D:1      | Reached XP level 3. HP: 19/19 MP: 7/10
   909 | D:1      | Found a faded altar of an unknown god.
  1133 | D:2      | You fall into a shaft and drop 2 floors!
  1208 | D:4      | Reached XP level 4. HP: 24/24 MP: 7/12
  1249 | D:4      | Found an opulent altar of Gozag.
  1300 | D:4      | Became a worshipper of Gozag Ym Sagoz the Greedy
  1531 | D:3      | Learned a level 2 spell: Searing Ray
  1648 | D:3      | Reached skill level 5 in Spellcasting
  1675 | D:3      | Found a glowing drain.
  1687 | Sewer    | Entered a sewer
  1906 | Sewer    | Learned a level 4 spell: Fulminant Prism
  1911 | Sewer    | Learned a level 4 spell: Iskenderun's Mystic Blast
  2636 | Sewer    | Reached XP level 5. HP: 28/28 MP: 5/14
  2954 | D:2      | Reached skill level 1 in Hexes
  2956 | D:2      | Noticed Robin
  3103 | D:2      | Killed Robin
  3104 | D:2      | Reached skill level 1 in Translocations
  3525 | D:2      | Noticed a black bear
  3531 | D:2      | Killed a black bear
  3532 | D:2      | Reached XP level 6. HP: 32/32 MP: 7/16
  3626 | D:2      | Found a stormy altar of Qazlal.
  3642 | D:2      | Noticed Sigmund
  3658 | D:2      | Killed Sigmund
  3659 | D:2      | Reached skill level 6 in Spellcasting
  4448 | D:3      | Found an ancient bone altar of Kikubaaqudgha.
  4448 | D:3      | Noticed a human
  4452 | D:3      | Killed a human
  4698 | D:3      | Reached XP level 7. HP: 36/36 MP: 14/18
  6052 | D:5      | Entered Level 5 of the Dungeon
  6162 | D:5      | Reached skill level 7 in Spellcasting
  6282 | D:5      | Found a shimmering blue altar of Sif Muna.
  6306 | D:5      | Found an iron altar of Okawaru.
  6328 | D:5      | Reached skill level 5 in Hexes
  6328 | D:5      | Reached XP level 8. HP: 41/41 MP: 16/21
  6437 | D:5      | Noticed Eustachio
  6439 | D:5      | Noticed Edmund
  6449 | D:5      | Killed Edmund
  6456 | D:5      | Killed Eustachio
  6457 | D:5      | Reached skill level 8 in Spellcasting
  6672 | D:5      | Shot with an arrow by a centaur

Illustrated notes

Levels and vault maps discovered:
D:1:      eino_arrival_tree_alley, layout_basic,
          shapermc_ecumenical_altar_petra, minmay_hedge_maze,
          columned_hall_lemuel, kennysheep_another_room,
          corexii_leaking_fountain, kennysheep_flooded_box,
          serial_bayou_crossing
D:2:      kennysheep_six_static_rooms, layout_rooms, basic_altar,
          minmay_pentomino_pile, uniq_robin, uniq_sigmund
D:3:      minmay_goblin_kobold_castle, layout_basic, tgw_kikubaaqudgha,
          gup_sewer_entry_bubbles
D:4:      layout_rooms, mainiacjoe_overflow_small_starburst
D:5:      minmay_octagon_keep, layout_basic, mainiacjoe_overflow_paths,
          mainiacjoe_overflow_alcove_1, uniq_edmund, uniq_eustachio

Skill      XL: |  1  2  3  4  5  6  7  8 |
---------------+-------------------------+-----
Spellcasting   | 4 5 6 7 8 |  8.0
Conjurations   | 5 6 7 |  7.6
Hexes          | 2 3 5 |  5.8
Translocations | 1 2 4 |  4.7
Dodging        | |  2.4
Stealth        | |  2.4

Action                   |  1- 3 |  4- 6 |  7- 9 || total
-------------------------+-------+-------+-------++-------
Melee: Unarmed           |       |     9 |       ||     9
       Dagger            |       |     5 |       ||     5
 Cast: Magic Dart        |    50 |   130 |    71 ||   251
       Searing Ray       |       |    18 |    20 ||    38
       Fulminant Prism   |       |       |     2 ||     2
  Use: Scroll            |       |     3 |       ||     3
       Potion            |       |     1 |       ||     1
Armor: Robe              |       |    11 |     4 ||    15
Dodge: Dodged            |       |    24 |    12 ||    36
Block: Other             |       |     9 |     5 ||    14
       Reflection        |       |       |     4 ||     4
